AoeStats
← 萱你在吗

MegaRandom

508949596Analyzed
4v4 RM · 7d ago on Sep 24, 2026· 47m 49s· 8 players
Game mode
Random Map
Map size
Large (8 player)
Population
200
Speed
Normal
Resources
Standard
Victory
Conquest
Starting age
Dark Age
Ending age
Imperial Age
RankedLock teamsTeams togetherTeam positionsShared explorationLock speedFull tech treeHidden civsTurbo modeCheats
Victory
Defeat
🇺🇸 Varangians · United States
1259
+15
🇺🇸 Danes · United States
1204
+17
🇦🇷 Vietnamese · Argentina
1198
+18
🇺🇸 Magyars · United States
1184
+18
🇩🇪 Teutons · Germany
1284
-19
🇨🇳 Vikings · China
1239
-17
🇹🇼 Tupi · Taiwan
1217
-16
🇬🇧 Vietnamese · United Kingdom
1210
-16
萱你在吗
只會5TC
3:21 Loom
9:29 Feudal Age
13:22 Forging
14:48 Fletching
15:18 Arson
29:23 Castle Age
29:09 Champi Runner
29:41 Double-Bit Axe
30:21 Squires
31:23 Champi Warrior
34:07 Bow Saw
35:51 Town Watch
37:51 Horse Collar
40:03 Iron Casting
39:29 Scale Mail Armor
41:44 Wheelbarrow
41:10 Bodkin Arrow
41:22 Elite Skirmisher
_MCA_max1336
3:24 Loom
11:57 Feudal Age
16:26 Castle Age
15:20 Scale Barding Armor
15:28 Bloodlines
16:19 Forging
16:20 Double-Bit Axe
21:50 Wheelbarrow
22:25 Medium Warships
22:37 Gold Mining
23:47 Fletching
32:25 Chain Barding Armor
32:03 Bodkin Arrow
32:54 Hand Cart
33:56 Bow Saw
35:48 Horse Collar
36:45 Elite Skirmisher
41:28 Imperial Age
41:00 Ironclad
40:56 Stone Mining
41:24 Masonry
41:38 Ballistics
42:06 Chain Barding Armor
42:22 Iron Casting
42:33 Conscription
42:50 Hoardings
43:07 Cavalier
45:03 Plate Barding Armor
skeezerrr
Beller
cabaron
2:54 Loom
13:35 Feudal Age
15:11 Double-Bit Axe
16:55 Fletching
17:45 Padded Archer Armor
20:25 Castle Age
18:20 Fishing Lines
19:11 Horse Collar
20:48 Crossbowman
21:26 Bodkin Arrow
22:33 Thumb Ring
22:58 Bow Saw
30:41 Scale Mail Armor
30:52 Forging
31:21 Medium Warships
32:19 Squires
33:58 Pikeman
36:48 Arson
39:41 Gillnets
42:39 Imperial Age
40:47 Wheelbarrow
42:26 Hand Cart
46:32 Town Watch
47:06 Onager
The Sorrow of Moldavia
4:59 Loom
12:59 Feudal Age
16:51 Castle Age
21:50 Scale Barding Armor
21:37 Fletching
24:19 Fishing Lines
27:09 Forging
26:34 Pikeman
27:15 Squires
27:10 Double-Bit Axe
27:07 Horse Collar
27:39 Scale Mail Armor
29:33 Wheelbarrow
31:57 Chain Barding Armor
32:13 Iron Casting
32:25 Bloodlines
32:17 Husbandry
37:41 Imperial Age
37:02 Hand Cart
36:32 Town Watch
36:47 Bodkin Arrow
37:51 Gold Mining
37:51 Stone Mining
41:02 Plate Barding Armor
41:17 Elite Jarl
45:22 Blast Furnace
44:24 Padded Archer Armor
NotGG
Connection lost

Rejoining the realm…

Still unreachable

The connection could not be restored.

Session expired

The server has moved on; the page needs a fresh start.